 Dungeon Crawl Stone Soup version 0.31-a0-365-gcf821cafb2 (webtiles) character file.

Game seed: 6817957677320965595

32 CraigForest the Shooter (level 3, 0/3 HPs)
             Began as a Minotaur Hunter on July 27, 2023.
             Slain by a worm (3 damage)
             ... on level 2 of the Dungeon.
             The game lasted 00:10:45 (947 turns).

CraigForest the Shooter (Minotaur Hunter)            Turns: 947, Time: 00:10:46

Health: 0/3        AC: 27    Str: 15    XL:     3   Next: 10%
Magic:  2/2        EV: 12    Int:  6    God:
Gold:   35         SH:  0    Dex: 15    Spells: 1/2 levels left

rFire   . . .        (no weapon)
rCold   . . .        (no shield)
rNeg    + . .        e - melded +0 ring mail
rPois   ∞            (helmet restricted)
rElec   +            (no cloak)
rCorr   .            (gloves currently unavailable)
SInv    .            f - melded +0 pair of boots
Will    .....        (no amulet)
Stlth   ++           (no ring)
HPRegen 0.20/turn    (no ring)
MPRegen 0.08/turn

%: no passive effects
@: statue-form, very slow
A: slow and powerful, torment resistance 1, reduced hp, horns 2, retaliatory
headbutt
a: Begin Untransformation


You were on level 2 of the Dungeon.
You were a living statue of rough stone.
You visited 1 branch of the dungeon, and saw 2 of its levels.

You collected 35 gold pieces.

Inventory:

Hand Weapons
 a - a +0 shortbow
 m - a +0 dagger
 n - a +0 short sword
Missiles
 k - 26 stones (quivered)
Armour
 c - a +0 leather armour
 e - a +0 ring mail (melded)
 f - a +0 pair of boots (melded)
Talismans
 h - a granite talisman
Scrolls
 b - a scroll of butterflies
 g - a scroll of amnesia {unknown}
 j - 3 scrolls of teleportation {unknown}
Potions
 d - a potion of curing {unknown}
 i - a potion of mutation {unknown}
 l - a potion of magic {unknown}
 o - a potion of ambrosia {unknown}
 p - a potion of enlightenment {unknown}


   Skills:
 + Level 2.8 Fighting
 - Level 5.0 Ranged Weapons
 - Level 1.0 Armour
 + Level 2.3 Dodging
 + Level 0.8 Stealth
 * Level 0.3 Shapeshifting


You had one spell level left.
You knew the following spells:

 Your Spells              Type           Power      Damage    Failure   Level
a - Sandblast             Erth           0%         2d4       45%         1

Your spell library contained the following spells:

 Spells                   Type           Power      Damage    Failure   Level
 Apportation              Tloc           0%         N/A       45%         1
 Passwall                 Tmut/Erth      0%         N/A       58%         2
 Stone Arrow              Conj/Erth      0%         3d7       83%         3
 Alistair's Intoxication  Tmut/Pois      0%         N/A       100%        5


Dungeon Overview and Level Annotations

Branches:
Dungeon (2/15)

Altars:


Innate Abilities, Weirdness & Mutations

You are a living statue of rough stone.
Your actions are slow, but your melee attacks are powerful.
You are resistant to unholy torment.
Your maximum health is decreased, since you lack skill for your form.
Your equipment is partially melded.
You are immune to poison.
You have a pair of horns on your head.
You reflexively headbutt those who attack you in melee.


Message History

There is an open door here.
There is an open door here.
You see here a +0 club.
Done exploring.
No target in view!
There is a stone staircase leading down here.
You climb downwards.
Found a book of Party Tricks and a leather armour.
There is a stone staircase leading up here.
You pick up a book of Party Tricks and begin reading...
You add the spells Apportation and Alistair's Intoxication to your library.
Found a blue potion and 2 scrolls labelled HAUKKUOMEU.
j - 3 scrolls labelled HAUKKUOMEU (gained 2)
o - a blue potion You open the door.
An orc comes into view. It is wielding a +0 mace.
The orc shouts!
Found a war axe and a bubbling ruby potion.
You hit the orc but do no damage. The orc hits you but does no damage. x2
You punch the orc!
You kill the orc!
There is an open door, spattered with blood here.
Things that are here:
a +0 mace; a +0 leather armour; an orc corpse You see here a +0 war axe.
p - a bubbling ruby potion You see here a +0 war axe.
There is an open door, spattered with blood here.
Things that are here:
a +0 mace; a +0 leather armour; an orc corpse
Found an escape hatch in the ceiling.
A worm comes into view.
You hit the worm.
The worm is moderately wounded.
The worm closely misses you.
You punch the worm! You headbutt the worm.
The worm is almost dead.
The worm bites you.
Ouch! That really hurt!
You die...

### #.. #.# #.#
#.# #w# #8# #.#
#.. .. . #.# #.#
.. # #.# #.# #.# .
#.# #.# #.## # #.#
#.# ##...###
#.####.####..##.##
#.............<...
##.......#.##.....


You could see a worm.

Vanquished Creatures
  An orc (D:2)
  2 ball pythons (D:1)
  5 bats (D:1)
  An endoplasm (D:1)
  A giant cockroach (D:1)
  A goblin (D:1)
  3 hobgoblins (D:1)
  4 jackals (D:1)
  A quokka (D:1)
  4 kobolds (D:1)
  3 rats (D:1)
26 creatures vanquished.

Notes
Turn   | Place    | Note
-------+----------+-------------------------------------------
     0 | D:1      | CraigForest the Minotaur Hunter began the quest for the
                  | Orb.
     0 | D:1      | Reached XP level 1. HP: 18/18 MP: 0/0
   218 | D:1      | Reached XP level 2. HP: 25/25 MP: 1/1
   220 | D:1      | Learned a level 1 spell: Sandblast
   330 | D:1      | Reached skill level 5 in Ranged Weapons
   413 | D:1      | Reached skill level 1 in Armour
   540 | D:1      | Reached XP level 3. HP: 3/30 MP: 2/2
   947 | D:2      | Slain by a worm

Illustrated notes

Levels and vault maps discovered:
D:1:      co_arrival_random_square_maze, layout_basic, minmay_tromino_v4_a
D:2:      layout_loops_ring, corexii_shack, dreamdust_princess_corridor,
          minmay_lizard_pond

Skill      XL: |  1  2 |
---------------+-------+-----
Ranged Weapons | 5 |  5.0
Armour         | 1 |  1.0
Fighting       | |  2.8
Dodging        | |  2.3
Stealth        | |  0.8
Shapeshifting  | |  0.3

Action                     || total
---------------------------++-------
  Melee: Unarmed           ||    19
         Headbutt          ||     1
   Fire: Shortbow          ||    57
   Stab: Sleeping          ||     1
 Armour: Leather armour    ||     3
         Ring mail         ||    21
         Skin              ||    15
  Dodge: Dodged            ||    61
   Form: Statue            ||     1

Table legend: (Time is in decaauts)
 A = Elapsed time spent in this place.
 B = Non-inter-level travel time spent in this place.
 C = Inter-level travel time spent in this place.
 D = Time resting spent in this place.
 E = Time spent auto-exploring this place.
 F = Levels seen in this place.
 G = Mean time per level.
                   A        B        C        D        E       F      G
               +--------+--------+--------+--------+--------+-----+--------+
         Total |   1231 |    812 |    419 |      0 |    537 |   2 |  615.5 |
       Dungeon |   1231 |    812 |    419 |      0 |    537 |   2 |  615.5 |
               +--------+--------+--------+--------+--------+-----+--------+

Top non-repeatable levels by time:
     D:1: 1114 daAuts
     D:2: 116 daAuts
